 Dungeon Crawl Stone Soup version 0.19.5 (webtiles) character file.

23 wolfsongas the Stinger (level 3, -2/24 HPs)
             Began as a Formicid Venom Mage on May 3, 2017.
             Slain by an adder (3 damage)
             ... on level 2 of the Dungeon.
             The game lasted 00:10:19 (1422 turns).

wolfsongas the Stinger (Formicid Venom Mage)        Turns: 1422, Time: 00:10:19

Health: -2/24      AC:  3    Str: 10 (12) XL:     3   Next: 12%
Magic:  1/6        EV: 12    Int: 13 (15) God:
Gold:   38         SH:  0    Dex:  9 (11) Spells: 2 memorised, 2 levels left

rFire  . . .     SeeInvis +     h - +0 dagger (curse)
rCold  . . .     Gourm    .     a - +1 robe
rNeg   . . .     Faith    .     (no shield)
rPois  +         Spirit   .     (helmet unavailable)
rElec  .         Reflect  .     (no cloak)
rCorr  .         Harm     .     (no gloves)
MR     .....                    (no boots)
Stlth  ++........               (no amulet)
                                (no ring)
                                c - ring of poison resistance

@: lethally poisoned (-2 -> -6), very slightly contaminated
A: permanent stasis, dig shafts and tunnels, four strong arms, antennae 3
a: Dig, Shaft Self


You were on level 2 of the Dungeon.
You were very full.

You visited 1 branch of the dungeon, and saw 2 of its levels.

You collected 38 gold pieces.

Inventory:

Hand Weapons
 h - a cursed +0 dagger (weapon)
Armour
 a - a +1 robe (worn)
 d - a +0 leather armour
 e - a +0 buckler
Jewellery
 c - a ring of poison resistance (left hand)
Potions
 g - a potion of degeneration
 i - a potion of ambrosia
 j - a potion of flight {unknown}
Books
 b - a Young Poisoner's Handbook

   Spells                             Type                      Level
   a - Sting                          Conjuration/Poison           1
   b - Mephitic Cloud                 Conjuration/Poison/Air       3
   c - Olgreb's Toxic Radiance        Poison                       4
   d - Alistair's Intoxication        Transmutation/Poison         5
   e - Venom Bolt                     Conjuration/Poison           5
Comestibles
 l - a beef jerky


   Skills:
 - Level 0.2 Fighting
 - Level 0.4 Short Blades
 + Level 2.0 Dodging
 + Level 2.4 Stealth
 - Level 0.2 Shields
 - Level 0.4 Unarmed Combat
 + Level 2.3 Spellcasting
 - Level 0.1 Conjurations
 + Level 5.8 Poison Magic


You had 2 spell levels left.
You knew the following spells:

 Your Spells              Type           Power        Failure   Level  Hunger
a - Sting                 Conj/Pois      #...         10%         1    #......
b - Mephitic Cloud        Conj/Pois/Air  #.......     34%         3    ###....


Dungeon Overview and Level Annotations

Branches:
Dungeon (2/15)

Altars:


Innate Abilities, Weirdness & Mutations

You are under a permanent stasis effect.
You can dig through walls and to a lower floor.
Your four strong arms can wield two-handed weapons with a shield.
You have a pair of large antennae on your head. (SInv)


Message History

Press: ? - help, Shift-Dir - straight line, f/p - adder
Aim: an adder (heavily wounded)
The sting misses the adder.
* * * LOW HITPOINT WARNING * * *
You feel sick. The adder bites you but does no damage.
Casting: Sting
Confirm with . or Enter, or press ? or * to list all spells.
You don't have enough magic to cast that spell.
Unknown command.
Casting: Sting
Confirm with . or Enter, or press ? or * to list all spells.
You don't have enough magic to cast that spell.
Unknown command.
You miss the adder.
The adder is heavily wounded.
The adder closely misses you.
You miss the adder.
The adder is heavily wounded.
The adder bites you.
You die...

..# #.# #.#
#.#######
#.......#
#.#####.# #
#.# #.#
....#######.#
#.#
#....@....#
#.#
###.#S#####
#.# # #.#
####.#####
..#
#........#
...#
#.##.###.#
..... #..#.#
.# ......
####....###.#
.......
+...........#
####........#


You could see an adder.

Vanquished Creatures
  A dart slug (D:1)
  5 bats (D:1)
  A goblin (D:1)
  A hobgoblin (D:1)
  3 jackals (D:1)
  3 frilled lizards (D:1)
  4 kobolds (D:1)
  2 rats (D:1)
20 creatures vanquished.

Notes
Turn   | Place    | Note
-------+----------+-------------------------------------------
     0 | D:1      | wolfsongas the Formicid Venom Mage began the quest for the Orb.
     0 | D:1      | Reached XP level 1. HP: 13/13 MP: 3/3
   374 | D:1      | Reached XP level 2. HP: 13/19 MP: 5/5
  1023 | D:1      | Reached XP level 3. HP: 24/24 MP: 2/6
  1068 | D:1      | Learned a level 3 spell: Mephitic Cloud
  1419 | D:2      | HP: 1/24 [adder (4)]
  1422 | D:2      | Slain by an adder

Skill      XL: |  1  2  3 |
---------------+----------+-----
Dodging        | 2 |  2.0
Fighting       | |  0.2
Short Blades   | |  0.4
Stealth        | |  2.4
Shields        | |  0.2
Unarmed Combat | |  0.4
Spellcasting   | |  2.3
Conjurations   | |  0.1
Poison Magic   | |  5.8

Action                   || total
-------------------------++-------
Melee: Unarmed           ||    36
       Dagger            ||    63
 Cast: Sting             ||    15
 Abil: Dig               ||     7
  Use: Scroll            ||     4
       Potion            ||     2
 Stab: Sleeping          ||     1
  Eat: Chunk             ||     1
       Bread ration      ||     2
Armor: Robe              ||    61
Dodge: Dodged            ||   126
Block: Buckler           ||    16
